 Dungeon Crawl Stone Soup version 0.30-a0-743-gbfdf073431 (webtiles) character file.

Game seed: 9616740405829674788

1480 tilp the Slasher (level 9, -12/67 (74) HPs)
             Began as a Meteoran Fighter on Feb 6, 2023.
             Mangled by a wight
             ... wielding a +4 war axe
              (13 damage)
             ... on level 6 of the Dungeon.
             The game lasted 00:08:13 (1563 turns).

tilp the Slasher (Meteoran Fighter)                 Turns: 1563, Time: 00:08:14

HP:   -12/67 (74)   AC: 10    Str: 24    XL:     9   Next: 27%
MP:   10/10         EV: 11    Int:  9    God:
Gold: 76            SH:  6    Dex: 19    Spells: 8/8 levels left

rFire   + . .      SeeInvis .    a - +2 falchion (freeze)
rCold   . . .      Faith    .    c - +0 buckler
rNeg    . . .      Spirit   .    o - +0 chain mail
rPois   .          Reflect  .    (no helmet)
rElec   .          Harm     .    p - +0 cloak
rCorr   .          Rampage  .    (no gloves)
Will    +....                    (no boots) Stlth
                                 (no amulet)
HPRegen 0.31/turn                f - +6 ring of strength
MPRegen 0.12/turn                i - ring of protection from fire

@: glowing, drained
A: sense surroundings 2, otherworldly, glowing, explore regen
a: no special abilities


You were on level 6 of the Dungeon.
You visited 1 branch of the dungeon, and saw 5 of its levels.

You collected 76 gold pieces.

Inventory:

Hand Weapons
 a - a +2 falchion of freezing (weapon)
 j - a +2 short sword of speed
 m - a +0 long sword
 n - a +2 scimitar
Missiles
 e - 14 stones
 q - 10 poisoned darts (quivered)
Armour
 c - a +0 buckler (worn)
 o - a +0 chain mail (worn)
 p - a +0 cloak (worn)
Jewellery
 f - a +6 ring of strength (left hand)
 i - a ring of protection from fire (right hand)
Wands
 d - a wand of paralysis (9)
Potions
 b - a potion of mutation {unknown}
 g - a potion of magic
 h - a potion of lignification
 k - 2 potions of attraction
 l - a potion of ambrosia
 r - a potion of flight {unknown}


   Skills:
 * Level 5.0 Fighting
 * Level 6.9 Long Blades
 + Level 3.0 Throwing
 + Level 4.6 Armour
 + Level 6.4 Dodging
 * Level 3.1 Stealth
 - Level 4.0 Shields
 + Level 3.0 Evocations


You had 8 spell levels left.
You didn't know any spells.
Your spell library was empty.

Dungeon Overview and Level Annotations

Branches:
Dungeon (6/15) Zot: 1393
 Temple: D:4-7

Altars:
Fedhas
Hepliaklqana
Uskayaw


Innate Abilities, Weirdness & Mutations

You passively map the area around you.
You are easily found by Zot.
You glow in the dark.
You regain HP and MP as you explore.


Message History

The orc hits you but does no damage.
Your Throwing skill increases to level 3!
Your Evocations skill increases to level 3!
You hit the orc. You freeze the orc.
You kill the orc!
The wight hits you but does no damage.
You slash the wight!
The wight is heavily damaged.
You block the wight's attack. The orc closely misses you.
You block the wight's attack.
Items here: ))) [[[ ††.
The wight hits you with a +4 war axe!
You closely miss the wight.
The wight is heavily damaged.
The wight hits you with a +4 war axe!
* * * LOW HITPOINT WARNING * * *
You feel drained.
* * * LOW HITPOINT WARNING * * *
The wight hits you with a +0 falchion.
* * * LOW HITPOINT WARNING * * *
You feel drained.
You hit the wight.
The wight is severely damaged.
You block the wight's attack. The wight hits you with a +0 falchion.
* * * LOW HITPOINT WARNING * * *
You feel drained.
* * * LOW HITPOINT WARNING * * *
You hit the wight but do no damage.
The wight is severely damaged.
The wight hits you but does no damage. The wight misses you.
The wight attacks as you move away! The wight hits you but does no damage.
You hear the drain falling apart.
You block the wight's attack. The wight attacks as you move away!
The wight hits you with a +4 war axe!
* * * LOW HITPOINT WARNING * * *
You feel drained.
* * * LOW HITPOINT WARNING * * *
The wight attacks as you move away! The wight closely misses you.
The wight attacks as you move away! The wight hits you with a +4 war axe!
You die...

#............# .#
#............# ..# *
###............# ..*
#............<## #### .# ,
.............## #..##.# * ,
)##.........## #.....## o
###......))### ### #...!..###o.
# #......#...###># #..$........
##....##......@#####...........
##.####.......z.#....)........
### ##......z)o.#§..§..$.##.
#........####D§...(..#*
#........# #........#*
#.......## ##...z....#
#.......# #....z.... #.......#
##....#... ##....### #....##..


You could see 2 wights and an orc.

Vanquished Creatures
  Sigmund (D:3)
  A steam dragon (D:6)
  Edmund (D:6)
  An ogre (D:6)
  A kobold brigand (D:6)
  3 scorpions (D:6)
  5 wights (D:6)
  2 howler monkeys (D:6)
  Crazy Yiuf (D:6)
  2 jellies (D:6)
  2 orc priests (D:6)
  Terence (D:2)
  2 orc wizards (D:6)
  Natasha (thrice) (D:2)
  4 gnolls (D:6)
  7 adders
  A worm (D:3)
  A dart slug (D:3)
  2 orcs (D:6)
  A ball python (D:1)
  6 bats
  An endoplasm (D:1)
  3 giant cockroaches
  2 goblins
  2 hobgoblins (D:2)
  10 kobolds
  2 rats (D:2)
68 creatures vanquished.

Vanquished Creatures (others)
  An orc (D:6)
1 creature vanquished.

Grand Total: 69 creatures vanquished

Notes
Turn   | Place    | Note
-------+----------+-------------------------------------------
     0 | D:1      | tilp the Meteoran Fighter began the quest for the Orb.
     0 | D:1      | Reached XP level 1. HP: 19/19 MP: 2/2
    74 | D:1      | Reached XP level 2. HP: 11/26 MP: 3/3
   153 | D:2      | Found a hazy altar of Hepliaklqana.
   173 | D:2      | Reached skill level 1 in Dodging
   173 | D:2      | Reached XP level 3. HP: 30/31 MP: 4/4
   185 | D:2      | Noticed Natasha
   195 | D:2      | Killed Natasha
   196 | D:2      | Reached skill level 1 in Stealth
   196 | D:2      | Reached XP level 4. HP: 38/38 MP: 5/5
   267 | D:2      | Noticed Terence
   277 | D:2      | Killed Terence
   278 | D:2      | Reached XP level 5. HP: 15/45 MP: 6/6
   301 | D:2      | Noticed Natasha
   306 | D:2      | Killed Natasha
   345 | D:2      | Noticed Natasha
   356 | D:2      | Killed Natasha
   511 | D:3      | Reached XP level 6. HP: 42/52 MP: 7/7
   550 | D:3      | Found a blossoming altar of Fedhas.
   554 | D:3      | Noticed Sigmund
   569 | D:3      | Killed Sigmund
   570 | D:3      | Reached skill level 1 in Throwing
   570 | D:3      | Reached skill level 1 in Evocations
   570 | D:3      | Reached XP level 7. HP: 59/59 MP: 8/8
   839 | D:3      | You fall into a shaft and drop 3 floors!
   866 | D:6      | Noticed Edmund
   885 | D:6      | Killed Edmund
   886 | D:6      | Reached skill level 5 in Long Blades
   945 | D:6      | Reached skill level 5 in Dodging
   945 | D:6      | Reached XP level 8. HP: 32/66 MP: 9/9
   962 | D:6      | Found a runed translucent door.
   963 | D:6      | Noticed Crazy Yiuf
   982 | D:6      | Killed Crazy Yiuf
  1328 | D:6      | Found a hide-covered altar of Uskayaw.
  1484 | D:6      | Gained mutation: You passively map the area around you.
                  | [Meteoran growth]
  1484 | D:6      | Reached XP level 9. HP: 63/72 MP: 10/10
  1545 | D:6      | Reached skill level 5 in Fighting
  1562 | D:6      | HP: 2/69 [wight/+4 war axe (8)]
  1563 | D:6      | Mangled by a wight

Illustrated notes

Levels and vault maps discovered:
D:1:      sevenhm_arrival_forest_fort_large_1, layout_basic,
          dreamdust_ecumenical_altar_angels_and_demons
D:2:      layout_rooms, basic_altar, uniq_natasha, uniq_terence
D:3:      layout_loops_cross, lemuel_doored_altar, uniq_sigmund
D:4:      layout_gridville, lemuel_coloured_pillars_altar,
          mainiacjoe_overflow_brackets, minmay_strange_pillars,
          uniq_blork_the_orc
D:6:      layout_cave_pods, mainiacjoe_overflow_catwalk,
          cheibrodos_sewer_entry_bend, nicolae_hexahallways,
          uniq_crazy_yiuf_cottage, uniq_edmund

Skill      XL: |  1  2  3  4  5  6  7  8  9 |
---------------+----------------------------+-----
Dodging        | 1 2 3 5 6 |  6.4
Long Blades    | 3 4 6 |  6.9
Stealth        | 1 2 3 |  3.1
Armour         | 4 |  4.6
Shields        | 4 |  4.0
Fighting       | 4 5 |  5.0
Throwing       | 1 2 3 |  3.0
Evocations     | 1 2 3 |  3.0

Action                     |  1- 3 |  4- 6 |  7- 9 || total
---------------------------+-------+-------+-------++-------
  Melee: Long sword        |    43 |    65 |    44 ||   152
         Falchion          |       |       |   170 ||   170
    Use: Potion            |       |     2 |     2 ||     4
         Scroll            |       |     3 |     2 ||     5
 Armour: Scale mail        |    33 |    36 |       ||    69
         Skin              |       |     4 |     9 ||    13
         Chain mail        |       |       |    61 ||    61
  Dodge: Dodged            |    23 |    21 |    79 ||   123
  Block: Buckler           |    18 |    13 |    46 ||    77

Table legend: (Time is in decaauts)
 A = Elapsed time spent in this place.
 B = Non-inter-level travel time spent in this place.
 C = Inter-level travel time spent in this place.
 D = Time resting spent in this place.
 E = Time spent auto-exploring this place.
 F = Levels seen in this place.
 G = Mean time per level.
                   A        B        C        D        E       F      G
               +--------+--------+--------+--------+--------+-----+--------+
         Total |   1606 |   1368 |    238 |     28 |      0 |   5 |  321.2 |
       Dungeon |   1606 |   1368 |    238 |     28 |      0 |   5 |  321.2 |
               +--------+--------+--------+--------+--------+-----+--------+

Top non-repeatable levels by time:
     D:6: 735 daAuts
     D:3: 452 daAuts
     D:2: 257 daAuts
     D:1: 157 daAuts
     D:4: 3 daAuts
